 Dungeon Crawl Stone Soup version 0.17-a0-1150-g17b0b87 (webtiles) character file.

68 Kisielow the Charmwright (level 4, 0/33 HPs)
             Began as a Merfolk Skald on May 27, 2015.
             Slain by a worm (10 damage)
             ... on level 1 of the Dungeon.
             The game lasted 00:05:21 (2282 turns).

Kisielow the Charmwright (Merfolk Skald)            Turns: 2282, Time: 00:05:21

Health: 0/33       AC:  3    Str: 12    XL:     4   Next: 19%
Magic:  3/7        EV: 11    Int: 11    God:
Gold:   43         SH:  0    Dex: 14    Spells: 3 memorised, 1 level left

rFire  . . .     SeeInvis .     a - +0 spear
rCold  . . .     Clarity  .     b - +0 leather armour
rNeg   . . .     SustAt   .     (no shield)
rPois  .         Gourm    .     (no helmet)
rElec  .         Spirit   .     (no cloak)
rCorr  .         Warding  .     (no gloves)
rMut   .         Stasis   .     (no boots)
MR     .....                    (no amulet)
Stlth  +.........               (no ring)
                                (no ring)

@: very slightly contaminated, not resistant to hostile enchantments, very
unstealthy
A: change form in water, swift swim
a: no special abilities


You were on level 1 of the Dungeon.
You were hungry.

You visited 1 branch of the dungeon, and saw 2 of its levels.

You collected 43 gold pieces.

Inventory:

Hand weapons
 a - a +0 spear (weapon)
Armour
 b - a +0 leather armour (worn)
Scrolls
 e - 2 scrolls of blinking {unknown}
 i - a scroll of identify {unknown}
Potions
 h - a potion of curing {unknown}
Books
 c - a book of Battle

   Spells                             Type                      Level
   a - Infusion                       Charms                       1
   b - Shroud of Golubria             Charms/Translocation         2
   c - Song of Slaying                Charms                       2
   d - Spectral Weapon                Hexes/Charms                 3
   e - Regeneration                   Charms/Necromancy            3
Comestibles
 d - a bread ration
 g - a slice of pizza


   Skills:
 - Level 2.1 Fighting
 - Level 3.0 Polearms
 - Level 0.6 Armour
 - Level 1.3 Dodging
 - Level 2.0 Spellcasting
 * Level 5.4 Charms


You had one spell level left.
You knew the following spells:

 Your Spells              Type           Power        Failure   Level  Hunger
e - Regeneration          Chrm/Necr      #.........   38%         3    ####...
q - Infusion              Chrm           ##....       6%          1    ##.....
w - Shroud of Golubria    Chrm/Tloc      #.........   21%         2    ###....


Dungeon Overview and Level Annotations

Branches:
Dungeon (2/15)

Altars:


Message History

You hit the worm.
The worm is severely wounded.
You hit the worm.
You kill the worm!
You hit the worm but do no damage. You barely miss the worm.
The worm closely misses you.
You hit the worm.
The worm is moderately wounded.
The worm bites you.
You hit the worm.
The worm is heavily wounded.
You hit the worm.
The worm is heavily wounded.
The worm bites you!
You hit the worm.
The worm is severely wounded.
You hit the worm but do no damage.
The worm is severely wounded.
The worm bites you!
You die...

........##...#.......(...........
##########...#.###.#........#####
.............).# #.#.#####......#
.............#.# #....# #.....[#
.............#.###....# #......#
##########...#.#......# ##.#####
# #.....#.#.#.##...# #.# #
######.#####.#(#.##...# #.# #
....)..# #...#@.....# #.# #
#......#####...#w##########.# #
.............).#............# ##
.......######.)#...#####....####.
...##### ##.....#...#.......+.
...# #>..###.⌠.###.#####. ####
##..#.......#.# #.
#..+.⌠.<.⌠.'.#####.
#..#.......#....)..


You could see a worm.

Vanquished Creatures
  An adder (D:1)
  An ooze (D:1)
  A worm (D:1)
  A giant gecko (D:1)
  2 ball pythons (D:1)
  5 giant cockroaches (D:1)
  7 goblins
  10 hobgoblins
  5 jackals (D:1)
  4 kobolds (D:1)
  A quokka (D:2)
  2 bats (D:1)
  A giant newt (D:1)
  2 rats (D:1)
43 creatures vanquished.

Notes
Turn   | Place    | Note
--------------------------------------------------------------
     0 | D:1      | Kisielow the Merfolk Skald began the quest for the Orb.
     0 | D:1      | Reached XP level 1. HP: 16/16 MP: 3/3
   423 | D:1      | Reached XP level 2. HP: 22/22 MP: 3/5
   432 | D:1      | Reached skill level 4 in Charms
   446 | D:1      | Learned a level 2 spell: Shroud of Golubria
  1035 | D:1      | Reached XP level 3. HP: 14/27 MP: 4/6
  1198 | D:1      | Learned a level 3 spell: Regeneration
  1839 | D:2      | Reached skill level 5 in Charms
  1871 | D:1      | Reached XP level 4. HP: 9/33 MP: 2/7
  2282 | D:1      | Slain by a worm

Vault maps used:
D:1:      dpeg_arrival_simpleton_c
D:2:      grunt_ministairs_1

Action                   |  1- 3 |  4- 6 || total
-------------------------+-------+-------++-------
Melee: Spear             |   227 |    34 ||   261
 Cast: Shroud of Golubri |     7 |     1 ||     8
       Regeneration      |     1 |       ||     1
  Eat: Chunk             |     4 |     1 ||     5
